 Dungeon Crawl Stone Soup version 0.23-a0-701-gd76f34b (console) character file.

7 Duffy the Firebug (level 1, 0/19 HPs)
             Began as a Demonspawn Fire Elementalist on Jan 12, 2019.
             Succumbed to an adder's poison
             ... on level 2 of the Dungeon.
             The game lasted 00:00:21 (323 turns).

Duffy the Firebug (Demonspawn Fire Elementalist)     Turns: 323, Time: 00:00:22

Health: 0/19       AC: 20    Str:  8    XL:     1   Next: 91%
Magic:  0/3        EV:  2    Int: 16    God:
Gold:   8          SH:  0    Dex: 13    Spells: 3/4 levels left

rFire    . . .     SeeInvis .   (no weapon)
rCold    . . .     Gourm    .   (no shield)
rNeg     + + +     Faith    .   (armour currently unavailable)
rPois    +         Spirit   .   (helmet currently unavailable)
rElec    .         Reflect  .   (cloak currently unavailable)
rCorr    .         Harm     .   (gloves currently unavailable)
MR       .....     NoTele   +   (boots currently unavailable)
Stlth    ++........             (no amulet)
HPRegen  0.06/turn              (no ring)
MPRegen  0.08/turn              (no ring)

@: lethally poisoned (0 -> -9), tree-form
A: no striking features
a: no special abilities


You were on level 2 of the Dungeon.
You were not hungry.
You were a tree.
You visited 1 branch of the dungeon, and saw 2 of its levels.

You collected 8 gold pieces.

Inventory:

Armour
 a - a +0 robe (melded)
Comestibles
 c - a ration


   Skills:
 - Level 1.7 Dodging
 - Level 1.7 Stealth
 - Level 2.0 Spellcasting
 + Level 2.0 Conjurations
 - Level 2.6 Fire Magic


You had 3 spell levels left.
You knew the following spells:

 Your Spells              Type           Power        Failure   Level  Hunger
h - Flame Tongue          Conj/Fire      #....        8%          1    #......

Your spell library contained the following spells:

 Spells                   Type           Power        Failure   Level  Hunger
 Throw Flame              Conj/Fire      #.....       12%         2    ###....
 Conjure Flame            Conj/Fire      #.......     24%         3    ###....
 Inner Flame              Hex/Fire       #.......     34%         3    ###....
 Sticky Flame             Conj/Fire      #.......     61%         4    #####..
 Fireball                 Conj/Fire      #.........   91%         5    ######.


Dungeon Overview and Level Annotations

Branches:
Dungeon (2/15)

Altars:
Makhleb
Xom


Message History

You miss the adder.
The adder is almost dead.
You feel sick. The adder closely misses you. The adder barely misses you.
You barely miss the adder.
The adder is almost dead.
The adder bites you but does no damage.
You barely miss the adder.
The adder is almost dead.
The adder bites you.
You are lethally poisoned!
The adder poisons you!
You barely miss the adder.
The adder is almost dead.
You feel sick. The adder bites you. x2
It was a potion of lignification.
You turn into a tree.
Your +0 robe melds into your body.
Your roots penetrate the ground.
You feel sick. The adder bites you but does no damage.
You miss the adder.
The adder is almost dead.
You die...

......###### ###
...........# #.#.#
...........# #.#.#
.......#.#.# #.#.#
.......#.#.# #.#>#
###.####.#.#####.#.#
###.####.........#.#
......##.........#S#
#####............7.#
# #..............# .
................# ..
.#.##...........#
### #.
##.......#...#
...#.######.# ###.#
#$#. .# ....# # ..
####.


You could see an adder.

Vanquished Creatures
  An ooze (D:2)
  A hobgoblin (D:2)
  A quokka (D:2)
3 creatures vanquished.

Notes
Turn   | Place    | Note
-------+----------+-------------------------------------------
     0 | D:1      | Duffy the Demonspawn Fire Elementalist began the quest for
                  | the Orb.
     0 | D:1      | Reached XP level 1. HP: 13/13 MP: 3/3
   277 | D:2      | Found a shimmering altar of Xom.
   281 | D:2      | Found a burning altar of Makhleb.
   323 | D:2      | Succumbed to an adder's poison

Vault maps used:
D:1:      psy_arrival_spokes
D:2:      nicolae_overflow_hidden_temple, lemuel_round_altar,
          lemuel_doored_altar

Skill      XL: |  1 |
---------------+----+-----
Conjurations   | 2 |  2.0
Dodging        | |  1.7
Stealth        | |  1.7
Spellcasting   | |  2.0
Fire Magic     | |  2.6

Action                   || total
-------------------------++-------
Melee: Unarmed           ||    13
 Cast: Flame Tongue      ||    10
  Use: Potion            ||     1
Armor: Robe              ||     5
       Skin              ||     1
Dodge: Dodged            ||    10

Table legend:
 A = Non-vault XP
 B = Vault XP
 C = Vault XP percentage of total XP
 D = Non-vault monster count
 E = Vault monster count
 F = Vault count percentage of total count
                 A         B        C        D         E       F
            +---------+---------+-------+---------+---------+-------
      Total |      11 |       0 |   0.0 |       3 |       0 |   0.0
            +---------+---------+-------+---------+---------+-------
        D:2 |      11 |       0 |   0.0 |       3 |       0 |   0.0
            +---------+---------+-------+---------+---------+-------
